[Event "Team 45 45 League T74"]
[Site "Internet Chess Club"]
[Date "2017.10.16"]
[Round "5"]
[White "elmaestro"]
[Black "primerpaso"]
[Result "0-1"]
[WhiteElo "1699"]
[BlackElo "1842"]
[Opening "Sicilian: Najdorf, Opocensky variation"]
[ECO "B92"]
[Time "20:09:59"]
[TimeControl "2700+45"]

1. e4 c5 2. Nf3 d6 3. d4 cxd4 4. Nxd4 Nf6 5. Nc3 a6 6. Be2 e5 7. Nb3 Be6 8. Be3
Nbd7 9. O-O Be7 10. a4 O-O 11. a5 Rc8 12. Qd2 Qc7 13. Rfd1 Rfd8 14. Qe1 Qc6 15.
f3 d5 16. exd5 Nxd5 17. Nxd5 Bxd5 18. Bd3 Qe6 19. Nc1 Nc5 20. Be2 f5 21. b4 Nd7
22. Bd3 e4 23. fxe4 fxe4 24. c4 Bxc4 25. Bxc4 Rxc4 26. Qg3 Rdc8 27. Ne2 Nf6 28.
Nd4 Qg4 29. Qe5 Bxb4 30. Nf5 Re8 31. Qxf6 Qxd1+ 32. Rxd1 gxf6 33. Rd7 Re5 34.
Nh6+ Kf8 35. Rxb7 Bc5 36. Rf7+ Ke8 37. Bxc5 Rcxc5 38. Rxh7 e3 39. Ng4 Rc1#
{White checkmated} 0-1

[Event "Team 45 45 League T74"]
[Site "Internet Chess Club"]
[Date "2017.10.17"]
[Round "5"]
[White "Portola"]
[Black "diegoami"]
[Result "0-1"]
[WhiteElo "1720"]
[BlackElo "1613"]
[Opening "Queen's pawn: Torre attack"]
[ECO "A46"]
[Time "16:31:54"]
[TimeControl "2700+45"]

1. d4 Nf6 2. Nf3 e6 3. Bg5 d5 4. e3 Bb4+ 5. c3 Be7 6. Nbd2 O-O 7. Bd3 Nbd7 8.
O-O b6 9. Bf4 Bb7 10. h3 Ne4 11. Be2 f5 12. Nxe4 fxe4 13. Ne5 c5 14. Qa4 Nxe5
15. Bxe5 Qe8 16. Bb5 Qg6 17. Be2 Qe8 18. Bb5 Qg6 19. Bc6 Bxc6 20. Qxc6 Rae8 21.
Bg3 Bg5 22. Rae1 Rc8 23. Qa4 Qf7 24. dxc5 bxc5 25. Qb5 Qe8 26. Qa5 Qd7 27. Rd1
Qb7 28. Rb1 Be7 29. Qa4 Rc6 30. Qd1 Bd6 31. Bxd6 Rxd6 32. b4 c4 33. a4 Qc7 34.
Qd4 Rb8 35. Rb2 a6 36. Rfb1 Qd7 37. b5 axb5 38. Rxb5 Rxb5 39. axb5 Qb7 40. Qc5
Rb6 41. Rb4 Kf7 42. g3 Qb8 43. Kg2 Ke8 44. g4 Kf7 45. Kg1 Ke8 46. Ra4 Rxb5 47.
Qc6+ Kf7 48. Qd7+ Kf6 49. g5+ Ke5 50. Qxg7+ Kd6 51. Ra7 Qd8 52. Ra6+ Rb6 53.
Rxb6+ Qxb6 54. Qf8+ Kd7 55. Qf7+ Kd6 56. Qxh7 Qb1+ 57. Kh2 Qc2 58. Qh4 Qxc3 59.
g6 Qe5+ 60. Kg2 c3 61. Qd8+ Kc6 62. Qc8+ Kb5 63. Qb7+ Kc4 64. Qc6+ Kd3 65. Qb5+
Kd2 66. Kf1 Qh5 67. Qb1 Qxh3+ 68. Kg1 Qg4+ 69. Kh2 Qxg6 70. Qa2+ c2 71. Qa1 c1=Q
{White resigns} 0-1

[Event "Team 45 45 League T74"]
[Site "Internet Chess Club"]
[Date "2017.10.15"]
[Round "5"]
[White "rookbattery"]
[Black "QuieroAprender"]
[Result "1-0"]
[WhiteElo "1602"]
[BlackElo "1595"]
[Opening "Ruy Lopez: Cozio defense deferred"]
[ECO "C70"]
[Time "20:05:22"]
[TimeControl "2700+45"]

1. e4 e5 2. Nf3 Nc6 3. Bb5 a6 4. Ba4 Nge7 5. O-O g6 6. c3 Bg7 7. d4 b5 8. Bb3
O-O 9. dxe5 Nxe5 10. Nxe5 Bxe5 11. f4 Bg7 12. f5 gxf5 13. exf5 d5 14. f6 Bxf6
15. Rxf6 Nf5 16. Bg5 Ng7 17. Na3 c5 18. Bxd5 Ra7 19. Rxf7 Kh8 {Black resigns}
1-0

[Event "Team 45 45 League T74"]
[Site "Internet Chess Club"]
[Date "2017.10.13"]
[Round "5"]
[White "anna"]
[Black "fishhead"]
[Result "1-0"]
[WhiteElo "1910"]
[BlackElo "1708"]
[Opening "Sicilian: Alapin's variation (2.c3)"]
[ECO "B22"]
[Time "16:17:41"]
[TimeControl "2700+45"]

1. e4 c5 2. c3 Nf6 3. e5 Nd5 4. d4 e6 5. Nf3 d6 6. dxc5 dxe5 7. c4 Nb4 8. Qxd8+
Kxd8 9. Na3 Bxc5 10. Nxe5 Ke7 11. Nd3 Nxd3+ 12. Bxd3 Rd8 13. Be2 Bb4+ 14. Kf1
Nc6 15. Nc2 Bd6 16. Be3 e5 17. Rd1 Bf5 18. Ne1 Bc7 19. Nd3 Nd4 20. Nb4 Nxe2 21.
Kxe2 Ke8 22. Nd5 Bd6 23. b3 b6 24. Rd2 Rac8 25. Rhd1 Bb8 26. h3 Be6 27. a4 h6
28. g4 f5 29. gxf5 Bxf5 30. h4 Bg4+ 31. f3 Bh5 32. Rg1 Kf7 33. Kf2 Rd6 34. f4
Rg6 35. Rxg6 Bxg6 36. fxe5 Bxe5 37. Bf4 Re8 38. Bxe5 Rxe5 39. Nc3 Bf5 40. Nb5
Re7 41. Rd6 Be6 42. a5 bxa5 43. Ra6 Bc8 44. Nd6+ {Black resigns} 1-0

[Event "Team 45 45 League T74"]
[Site "Internet Chess Club"]
[Date "2017.10.12"]
[Round "5"]
[White "vjbaker"]
[Black "LinceHispano44"]
[Result "0-1"]
[WhiteElo "1736"]
[BlackElo "1739"]
[Opening "French: Winawer, Alekhine (Maróczy) gambit"]
[ECO "C15"]
[Time "16:01:12"]
[TimeControl "2700+45"]

1. e4 e6 2. d4 d5 3. Nc3 Bb4 4. Ne2 dxe4 5. a3 Be7 6. Nxe4 Nf6 7. N2g3 Nbd7 8.
Bd3 c5 9. dxc5 Nxc5 10. Bb5+ Bd7 11. Bxd7+ Qxd7 12. Qf3 O-O 13. O-O Rfd8 14. Be3
Ncxe4 15. Nxe4 Qd5 16. Nxf6+ Bxf6 17. Qxd5 Rxd5 18. c4 Rd3 19. Rab1 Rb3 20. a4
b6 21. Bc1 Rc8 22. Rd1 Rxc4 23. a5 bxa5 24. Bd2 h6 25. Bxa5 Rxb2 26. Ra1 Rbc2
27. Rab1 Bg5 28. g3 Rc1 29. Kg2 Rxd1 30. Rxd1 Ra4 31. Bc3 Ra2 32. h4 Bf6 33.
Bxf6 gxf6 34. Kf3 a5 35. Ke3 h5 36. Rc1 Kg7 37. f3 Kg6 38. Kf4 f5 39. Rc8 Kf6
40. Rh8 e5+ 41. Ke3 a4 42. Rxh5 a3 43. Rh6+ Kg7 44. Ra6 Ra1 45. Kd2 a2 46. Kc2
Rg1 47. Rxa2 Rg2+ 48. Kb3 Rxa2 49. Kxa2 f4 50. gxf4 exf4 51. Kb3 Kg6 52. Kc4 Kh5
53. Kd5 Kxh4 54. Ke5 Kg3 55. Ke4 f6 56. Kd3 Kxf3 57. Kd2 Kg2 58. Kc1 f3 59. Kb2
f2 60. Ka2 f1=R 61. Kb2 Rd1 62. Ka2 Rc1 63. Kb2 Rc8 64. Kb1 Kf3 65. Kb2 Ke4 66.
Kb1 Kd3 67. Kb2 Rc7 68. Kb1 Kd2 69. Ka2 Rb7 70. Ka3 Kc3 71. Ka4 Rb1 72. Ka5 Kc4
73. Ka6 Kc5 74. Ka7 Kc6 75. Ka8 Kc7 {White resigns} 0-1

[Event "Team 45 45 League T74"]
[Site "Internet Chess Club"]
[Date "2017.10.16"]
[Round "5"]
[White "Goli"]
[Black "viktory"]
[Result "0-1"]
[WhiteElo "1683"]
[BlackElo "1687"]
[Opening "Sicilian: Alapin's variation (2.c3)"]
[ECO "B22"]
[Time "15:30:36"]
[TimeControl "2700+45"]

1. e4 c5 2. c3 d5 3. exd5 Qxd5 4. d4 g6 5. Nf3 Nc6 6. Be2 Bg7 7. dxc5 Qxc5 8.
Be3 Qa5 9. O-O Nf6 10. Nbd2 O-O 11. Nb3 Qc7 12. h3 Rd8 13. Qc1 Nd5 14. Bg5 Ne5
15. Nbd4 b6 16. Bh4 Bb7 17. Bg3 Nxf3+ 18. Nxf3 Qd7 19. Rd1 Qe8 20. a4 Rac8 21.
a5 bxa5 22. Rxa5 a6 23. Ra1 Bxc3 24. bxc3 Nxc3 25. Qb2 Nxd1 26. Qxb7 Nc3 27.
Bxa6 Ra8 28. Qb2 Nb5 29. Bxb5 Rxa1+ 30. Kh2 Ra2 31. Qb3 Rb8 32. Bxb8 Qxb8+ 33.
g3 Rxf2+ 34. Kh1 Qb7 {White resigns} 0-1

[Event "Team 45 45 League T74"]
[Site "Internet Chess Club"]
[Date "2017.10.15"]
[Round "5"]
[White "JSCOL"]
[Black "gomeschess"]
[Result "1-0"]
[WhiteElo "2154"]
[BlackElo "2078"]
[Opening "Giuoco Piano"]
[ECO "C44"]
[Time "15:02:15"]
[TimeControl "2700+45"]

1. e4 e5 2. Nf3 Nc6 3. d4 exd4 4. Bc4 Bc5 5. c3 Nf6 6. cxd4 Bb4+ 7. Bd2 Nxe4 8.
Bxb4 Nxb4 9. Bxf7+ Kxf7 10. Qb3+ d5 11. Ne5+ Ke6 12. Qxb4 Qf8 13. Qxf8 Rxf8 14.
f3 Nf6 15. Nc3 Bd7 16. b4 b6 17. O-O-O Rac8 18. Rhe1 Kd6 19. b5 c5 20. bxc6 Bxc6
21. Kb2 a6 22. Re3 b5 23. Kb3 Be8 24. Rde1 a5 25. a3 Rb8 26. Nd3 Bf7 27. Re7 Ne4
28. Rxf7 Nd2+ 29. Kc2 Rxf7 30. Kxd2 b4 31. Na4 bxa3 32. Ra1 Rc7 33. Rxa3 Rc4 34.
Nc3 Ra8 35. Ke3 a4 36. Nc5 Rb8 37. N5xa4 Rbb4 38. Nc5 Rxd4 39. Nd3 Rh4 40. Nxb4
d4+ 41. Kd3 dxc3 42. Kxc3 Rxh2 43. Ra6+ Kc5 44. Nd3+ Kb5 45. Ra2 h5 46. Kd4 h4
47. Nf4 g5 48. Nh3 {Black resigns} 1-0

[Event "Team 45 45 League T74"]
[Site "Internet Chess Club"]
[Date "2017.10.14"]
[Round "5"]
[White "VictorRed"]
[Black "dp15"]
[Result "0-1"]
[WhiteElo "1724"]
[BlackElo "2060"]
[Opening "Queen's pawn game, Darooha variation "]
[ECO "D02"]
[Time "22:02:01"]
[TimeControl "2700+45"]

1. d4 d5 2. Nf3 Nf6 3. Nc3 Bf5 4. Bf4 e6 5. Nh4 Bg4 6. h3 Bh5 7. g4 Bg6 8. Nxg6
hxg6 9. Bg2 c6 10. Qd3 Bd6 11. Bxd6 Qxd6 12. e4 dxe4 13. Nxe4 Nxe4 14. Bxe4 Nd7
15. O-O-O O-O-O 16. Kb1 Qf4 17. Qe3 Qxe3 18. fxe3 f5 19. Bf3 e5 20. c3 Rh7 21.
gxf5 gxf5 22. dxe5 Nxe5 23. Rxd8+ Kxd8 24. Rd1+ Ke7 25. Bg2 Rh6 26. Rf1 Ke6 27.
b3 Rg6 28. Rf2 Rg3 29. Re2 g5 30. Kc2 f4 31. exf4 gxf4 32. Rf2 Kf5 33. Kd2 f3
34. Bxf3 Rxf3 35. Rxf3+ Nxf3+ 36. Ke3 Ng5 37. h4 Nf7 38. b4 Kg4 39. c4 Kxh4 40.
c5 Kg5 41. Ke4 Kf6 42. a4 a6 43. Kd4 Ke6 44. Ke4 Ne5 45. Kd4 Nf3+ 46. Kc4 Ke5
47. b5 a5 48. bxc6 bxc6 {White resigns} 0-1

[Event "Team 45 45 League T74"]
[Site "Internet Chess Club"]
[Date "2017.10.14"]
[Round "5"]
[White "soccerisfun"]
[Black "Heian"]
[Result "1-0"]
[WhiteElo "1972"]
[BlackElo "1650"]
[Opening "Bishop's opening"]
[ECO "C23"]
[Time "13:01:16"]
[TimeControl "2700+45"]

1. e4 e5 2. Bc4 Nc6 3. Nc3 Bc5 4. d3 d6 5. f4 Bxg1 6. Rxg1 Qh4+ 7. Kf1 Bg4 8.
Qe1 Qxh2 9. Qf2 Nf6 10. fxe5 Nxe5 11. Bg5 O-O-O 12. Qxa7 Nxc4 13. Qa8+ Kd7 14.
Qa4+ Kc8 15. Qa8+ Kd7 16. Qa4+ c6 17. Qxc4 h6 18. Be3 Kc8 19. Qa4 Kd7 20. Qb3
Kc8 21. Qa4 Be6 22. Qa8+ Kc7 23. Qa7 Rb8 24. Ke2 Ng4 25. Raf1 Nxe3 26. Qxe3 Qh5+
27. Kd2 Ra8 28. a3 Qg5 29. d4 Qxe3+ 30. Kxe3 Rhf8 31. Rf3 f5 32. Rgf1 g6 33. g4
Rf7 34. exf5 gxf5 35. gxf5 Bd7 36. f6 d5 37. Ne2 Bg4 38. R3f2 Re8+ 39. Kd3 h5
40. Nf4 h4 41. Ng6 Bh3 42. Rh1 Rg8 43. Ne5 Rg3+ 44. Kd2 Rf8 45. f7 Kd6 46. Rf4
Be6 47. Rhxh4 c5 48. c3 cxd4 49. cxd4 Rg7 50. Rh6 Kc7 51. Rxe6 Rg2+ 52. Kc3 Rg3+
53. Kb4 Rg2 54. Re8 Rxb2+ 55. Kc3 {Black resigns} 1-0

[Event "Team 45 45 League T74"]
[Site "Internet Chess Club"]
[Date "2017.10.16"]
[Round "5"]
[White "SlimeDog2"]
[Black "alegro"]
[Result "0-1"]
[WhiteElo "1986"]
[BlackElo "1932"]
[Opening "King's Indian: 4.e4"]
[ECO "E74"]
[Time "18:05:41"]
[TimeControl "2700+45"]

1. d4 Nf6 2. c4 g6 3. Nc3 Bg7 4. e4 O-O 5. Be2 c5 6. d5 d6 7. Bg5 h6 8. Bf4 a6
9. Qd2 Kh7 10. h4 b5 11. cxb5 axb5 12. Bxb5 Qa5 13. Bd3 Nh5 14. Be3 e5 15. Nge2
Na6 16. f3 f5 17. exf5 Bxf5 18. g4 Bxd3 19. Qxd3 Nb4 20. Qb1 Nf4 21. Bxf4 exf4
22. h5 Nxd5 23. Qxg6+ Kh8 24. O-O Ne3 25. Rf2 d5 26. g5 Ra6 27. Qd3 c4 28. Qd2
hxg5 {White resigns} 0-1

[Event "Team 45 45 League T74"]
[Site "Internet Chess Club"]
[Date "2017.10.11"]
[Round "5"]
[White "ANGELLR"]
[Black "ArturitoGalacti"]
[Result "1-0"]
[WhiteElo "1868"]
[BlackElo "1869"]
[Opening "Queen's pawn: London system"]
[ECO "A45"]
[Time "20:01:06"]
[TimeControl "2700+45"]

1. d4 Nf6 2. Bf4 e6 3. e3 Bd6 4. Bxd6 cxd6 5. c4 b6 6. Nf3 Bb7 7. Nc3 d5 8. Rc1
dxc4 9. Bxc4 d5 10. Bb5+ Nbd7 11. Ne5 a6 12. Bxd7+ Nxd7 13. Nxd7 Qxd7 14. O-O
O-O 15. Qb3 Bc6 16. Rc2 Rab8 17. Rfc1 Rfc8 18. h3 h6 19. Ne2 Bb5 20. Rxc8+ Rxc8
21. Rxc8+ Qxc8 22. Qc3 Qd7 23. Nc1 f6 24. Nb3 Bc4 25. Nd2 Bb5 26. f4 g5 27. Qc2
Kg7 28. Nf3 Qd6 29. g3 Bd7 30. h4 Be8 31. hxg5 hxg5 32. Kf2 gxf4 33. gxf4 Bh5
34. Nh4 Qd7 35. f5 e5 36. Kg1 Kh7 37. dxe5 fxe5 38. f6+ e4 39. Qg2 Bg4 40. Qf2
Bf3 41. Qg3 Bh5 42. Qe5 Qg4+ 43. Ng2 Qd1+ 44. Kh2 Bf7 45. Qg5 Qh5+ 46. Qxh5+
Bxh5 47. Nf4 Bf7 48. Kg3 Kh6 49. Kg4 Bg6 50. Nxd5 Bf7 51. Nxb6 Kg6 52. Kf4 Kxf6
53. a3 Bg6 54. Nd7+ Ke7 55. Nc5 a5 56. Nxe4 Kd7 57. Ke5 Kc6 58. Kd4 Kb5 59. Nc3+
Kb6 60. e4 Kc6 61. e5 Kb6 62. Kd5 Be8 63. Kd6 Bg6 64. e6 Bh5 65. e7 Be8 66. b3
Bh5 67. Nd5+ Kb5 68. Nc7+ Kb6 69. e8=Q Bxe8 70. Nxe8 a4 71. b4 Kb5 72. Kd5 Kb6
73. Kc4 Ka6 74. Nd6 Kb6 75. Ne4 Ka6 76. Nc5+ Kb6 77. Nxa4+ Ka6 78. Nc3 Ka7 79.
Kc5 Kb7 80. a4 Ka6 81. Kc6 Ka7 82. b5 Ka8 83. Kb6 Kb8 84. Ka6 Ka8 85. b6 Kb8 86.
b7 Kc7 87. Ka7 Kd6 88. b8=Q+ Kc5 89. Qb5+ Kd4 90. Nb1 Ke3 91. Qb4 Kf3 92. Qd4
Ke2 93. Qc3 Kf2 94. Qd3 Kg2 95. Qe3 Kh2 96. Qg5 Kh1 97. Kb6 Kh2 98. Kc5 Kh1 99.
Kd4 Kh2 100. Ke3 Kh1 101. Kf2 {Black resigns} 1-0

[Event "Team 45 45 League T74"]
[Site "Internet Chess Club"]
[Date "2017.10.15"]
[Round "5"]
[White "ChessHouston"]
[Black "primerpaso"]
[Result "1-0"]
[WhiteElo "1764"]
[BlackElo "1831"]
[Opening "Sicilian: Najdorf, Adams attack"]
[ECO "B90"]
[Time "18:01:17"]
[TimeControl "2700+45"]

1. e4 c5 2. Nf3 d6 3. d4 cxd4 4. Nxd4 Nf6 5. Nc3 a6 6. h3 e5 7. Nde2 Be6 8. g4
Nbd7 9. Be3 Nb6 10. b3 Qc7 11. Bg2 Be7 12. a4 O-O 13. a5 Nbd7 14. Nd5 Bxd5 15.
exd5 Rfc8 16. c4 Nf8 17. Ng3 Qd8 18. g5 N6d7 19. h4 g6 20. Bh3 Rcb8 21. Ne4 Qe8
22. Qf3 Kg7 23. h5 Qd8 24. hxg6 fxg6 25. Be6 Qe8 26. Qh3 Kh8 27. Ke2 Nc5 28.
Bxc5 dxc5 29. Qh2 {Black resigns} 1-0

[Event "Team 45 45 League T74"]
[Site "Internet Chess Club"]
[Date "2017.10.15"]
[Round "5"]
[White "HomerSimpson"]
[Black "JJ12"]
[Result "0-1"]
[WhiteElo "2008"]
[BlackElo "2126"]
[Opening "English opening"]
[ECO "A05"]
[Time "20:11:52"]
[TimeControl "2700+45"]

1. Nf3 Nf6 2. c4 e6 3. g3 b6 4. Bg2 Bb7 5. O-O Be7 6. Nc3 d5 7. cxd5 exd5 8. d4
O-O 9. Bf4 c5 10. Rc1 Nc6 11. Re1 c4 12. Ne5 a6 13. Nxc4 dxc4 14. d5 Nb4 15. d6
Bxg2 16. Kxg2 Nh5 17. dxe7 Nxf4+ 18. gxf4 Qxe7 19. Qd4 b5 20. f5 Qg5+ 21. Kh1
Qxf5 22. Rg1 f6 23. a3 Rfd8 24. Qb6 Nd5 25. Qb7 g6 26. Rcd1 Nxc3 27. bxc3 Qxf2
28. Rd7 Rxd7 29. Qxa8+ Kg7 30. Qxa6 Qxe2 31. Qc6 Re7 32. Rg2 Qf1+ 33. Rg1 Qd3
34. Rg3 Qf5 35. Rf3 Re1+ 36. Kg2 Qg4+ 37. Rg3 Qe2+ 38. Kh3 Qf1+ 39. Kh4 Qf4+ 40.
Kh3 Qf5+ 41. Kg2 Qf1# {White checkmated} 0-1

[Event "Team 45 45 League T74"]
[Site "Internet Chess Club"]
[Date "2017.10.15"]
[Round "5"]
[White "Monterrey"]
[Black "The7thGuest"]
[Result "1/2-1/2"]
[WhiteElo "1919"]
[BlackElo "1874"]
[Opening "Queen's pawn: Torre attack"]
[ECO "A46"]
[Time "12:06:53"]
[TimeControl "2700+45"]

1. d4 Nf6 2. Nf3 e6 3. Bg5 h6 4. Bxf6 Qxf6 5. e4 Qd8 6. Nc3 d5 7. Bd3 Bb4 8. O-O
Bxc3 9. bxc3 dxe4 10. Bxe4 O-O 11. Qe2 Nd7 12. Rab1 Rb8 13. c4 Nf6 14. Bd3 c5
15. Qe5 Nd7 16. Qd6 cxd4 17. Nxd4 Ra8 18. Rfd1 Nf6 19. Qe5 Nd7 20. Qg3 Qf6 21.
Nb5 a6 22. Nd6 Nc5 23. Qe3 Nxd3 24. cxd3 b5 25. Qe4 Bd7 26. Qb7 Qe7 27. c5 Rfb8
28. Qe4 Be8 29. d4 Qc7 30. Qe5 Bc6 31. Rb3 Kh7 32. Rg3 Rg8 33. h4 Bd5 34. Rd2
Rad8 35. h5 Rxd6 36. Qxd6 Qxd6 37. cxd6 Rd8 38. Ra3 Rxd6 39. f3 Bc4 40. Kf2 g6
41. hxg6+ Kxg6 42. Ke3 Kf5 43. g3 h5 44. Rh2 Kg5 45. Rh4 Bd5 46. Rh2 Rc6 47. Kd2
Rc4 48. Rh4 b4 49. Rxa6 Rc3 50. f4+ Kg6 51. g4 hxg4 52. Rxg4+ Kf5 53. Rh4 Rg3
54. Rb6 Rg2+ 55. Ke3 Rg3+ 56. Kd2 Rg2+ 57. Kc1 Rg1+ 58. Kd2 Rg2+ 59. Kc1 Rg1+
60. Kd2 Rg2+ {Game drawn by repetition} 1/2-1/2

[Event "Team 45 45 League T74"]
[Site "Internet Chess Club"]
[Date "2017.10.13"]
[Round "5"]
[White "charles-allen"]
[Black "achessman"]
[Result "1/2-1/2"]
[WhiteElo "1847"]
[BlackElo "1897"]
[Opening "Caro-Kann: anti-anti-Caro-Kann defense"]
[ECO "B10"]
[Time "21:47:56"]
[TimeControl "2700+45"]

1. e4 c6 2. c4 d5 3. cxd5 cxd5 4. exd5 Nf6 5. Nc3 g6 6. Bc4 Bg7 7. Nf3 O-O 8.
O-O b6 9. d4 Bb7 10. Qb3 Na6 11. Ne5 Qd6 12. Bf4 Nh5 13. Ne4 Qd8 14. Be3 Nf6 15.
Nc3 Qd6 16. Nb5 Qb4 17. d6 e6 18. Bxe6 fxe6 19. Qxe6+ Kh8 20. Nf7+ Rxf7 21. Qxf7
Bd5 22. Qe7 Qxb5 23. Rac1 Qd7 24. Rfe1 Re8 25. Qxd7 Nxd7 26. Bg5 Rxe1+ 27. Rxe1
Kg8 28. Re8+ Bf8 29. Rd8 Be6 30. d5 Bxd5 31. Rxd7 Nc5 32. Rd8 Ne6 33. Re8 Nxg5
34. d7 Nf7 35. a3 Bc6 36. d8=Q Nxd8 37. Rxd8 h5 38. Rc8 Bd5 39. Rc7 a6 40. Ra7
Bc4 41. b3 Bxb3 42. Rxa6 Bc5 43. a4 Kf7 44. a5 b5 45. Rc6 Bd4 46. a6 b4 47. a7
Bxa7 48. Rc7+ Ke6 49. Rxa7 Bd5 50. Ra6+ Kf5 51. Rb6 b3 52. f3 g5 53. Kf2 Ke5 54.
Ke3 Bc4 55. g3 Bf7 {Game drawn by mutual agreement} 1/2-1/2

[Event "Team 45 45 League T74"]
[Site "Internet Chess Club"]
[Date "2017.10.21"]
[Round "5"]
[White "bobhill"]
[Black "trombone"]
[Result "1-0"]
[WhiteElo "1936"]
[BlackElo "1756"]
[Opening "Queen's pawn game, Krause variation"]
[ECO "D02"]
[Time "09:06:39"]
[TimeControl "2700+45"]

1. d4 d5 2. Nf3 c5 3. dxc5 Nc6 4. c3 e6 5. e4 Bxc5 6. exd5 exd5 7. Bd3 Nge7 8.
O-O O-O 9. Bg5 f6 10. Bh4 Bf5 11. Bg3 d4 12. Bxf5 Nxf5 13. Qb3+ Rf7 14. Nbd2
Nxg3 15. hxg3 dxc3 16. Qxc3 Bb4 17. Qc2 Rd7 18. Ne4 Qf8 19. a3 Be7 20. Nc3 Rc8
21. Rad1 Rxd1 22. Rxd1 Na5 23. Qe2 Bxa3 24. Nb5 Bc5 25. b4 Bxb4 26. Nxa7 Rd8 27.
Rb1 Qc5 28. Nb5 Nc6 29. Nc7 Qd6 30. Qc4+ Kh8 31. Nb5 Qc5 32. Qe2 Qd5 33. Nc7 Qd3
34. Qb2 Rc8 35. Ne6 Qd6 36. Ned4 Nxd4 37. Nxd4 Bc5 38. Qxb7 Rg8 39. Nf5 Qe5 40.
g4 h5 41. Qf3 g6 42. Ng3 h4 43. Ne4 Bd4 44. Nd2 Rc8 45. Nf1 Bc5 46. Rd1 Bd4 47.
Qd3 Rd8 48. Kh1 Bb6 49. Qc2 Rxd1 50. Qxd1 Bxf2 51. Qd8+ Kg7 52. Qd7+ Kh6 53.
Qd2+ {Black resigns} 1-0

[Event "Team 45 45 League T74"]
[Site "Internet Chess Club"]
[Date "2017.10.15"]
[Round "5"]
[White "parrot9"]
[Black "LinceHispano44"]
[Result "1-0"]
[WhiteElo "1664"]
[BlackElo "1719"]
[Opening "French: Tarrasch, open variation"]
[ECO "C07"]
[Time "09:19:03"]
[TimeControl "2700+45"]

1. e4 e6 2. d4 d5 3. Nd2 c5 4. Ngf3 cxd4 5. Nxd4 Nc6 6. Nxc6 bxc6 7. Bd3 Qc7 8.
c4 Nf6 9. O-O Bd6 10. h3 O-O 11. cxd5 cxd5 12. exd5 Nxd5 13. Ne4 Be7 14. Bg5
Bxg5 15. Nxg5 h6 16. Rc1 Qe5 17. Nf3 Qf6 18. Be4 Bb7 19. Qd4 Qxd4 20. Nxd4 Rac8
21. Nb5 Ba6 22. Nd6 Rb8 23. Rfd1 Nf6 24. Rc7 Rfd8 25. Bf3 Rb6 26. Nxf7 Rxd1+ 27.
Bxd1 Rxb2 28. Bb3 Rb1+ 29. Kh2 Rb2 30. Bxe6 Kh7 31. Bf5+ Kg8 32. Rxa7 Bc4 33.
Bg6 Rxa2 34. Rb7 Ra8 35. Nd6 Bd5 36. Rc7 Rd8 37. Nf5 Kh8 38. Rxg7 Be6 39. Re7
Bxf5 40. Bxf5 Rd6 41. Re6 Rxe6 42. Bxe6 Kg7 43. f3 Kg6 44. g4 Ne8 45. Kg3 Nf6
46. h4 Ne8 47. Kf4 Ng7 48. Bd5 Ne8 49. Ke5 Nf6 50. Be4+ Kg7 51. g5 Nd7+ 52. Kd6
Nf8 53. f4 hxg5 54. hxg5 Kf7 55. f5 Kg8 56. g6 Kg7 57. Ke7 Kg8 58. f6 {Black
resigns} 1-0

[Event "Team 45 45 League T74"]
[Site "Internet Chess Club"]
[Date "2017.10.14"]
[Round "5"]
[White "Packerfan"]
[Black "Gojira"]
[Result "1-0"]
[WhiteElo "1720"]
[BlackElo "1618"]
[Opening "Sicilian: Alapin's variation (2.c3)"]
[ECO "B22"]
[Time "10:07:56"]
[TimeControl "2700+45"]

1. e4 c5 2. c3 d5 3. exd5 Qxd5 4. d4 Nf6 5. Nf3 Bg4 6. Be2 e6 7. O-O Be7 8. h3
Bh5 9. Be3 cxd4 10. cxd4 Nc6 11. Nc3 Qd6 12. Qd2 O-O 13. Rfd1 a6 14. d5 exd5 15.
Nxd5 Qxd5 16. Qxd5 Nxd5 17. Rxd5 Bg6 18. Rd7 Rab8 19. Bf4 Rfd8 20. Rad1 Bf5 21.
R7d5 Rxd5 22. Rxd5 Be6 23. Rd1 Bxa2 24. Bxb8 {Black resigns} 1-0

[Event "Team 45 45 League T74"]
[Site "Internet Chess Club"]
[Date "2017.10.15"]
[Round "5"]
[White "crazyhorses"]
[Black "kutch"]
[Result "0-1"]
[WhiteElo "1422"]
[BlackElo "1591"]
[Opening "Ruy Lopez: 5.O-O"]
[ECO "C78"]
[Time "14:05:12"]
[TimeControl "2700+45"]

1. e4 e5 2. Nf3 Nc6 3. Bb5 a6 4. Ba4 Nf6 5. O-O b5 6. Bb3 Bc5 7. d3 d6 8. c3 Bg4
9. Nbd2 O-O 10. Re1 h6 11. Nf1 Nh7 12. h3 Bh5 13. Ng3 Bxf3 14. Qxf3 Qf6 15. Bd5
Qxf3 16. gxf3 Ne7 17. Bxa8 Rxa8 18. Be3 Rf8 19. Bxc5 dxc5 20. a4 f5 21. axb5
axb5 22. h4 fxe4 23. fxe4 Rf4 24. Ra7 Rxh4 25. Rxc7 Ng6 26. Ra1 Ng5 27. Ra8+ Kh7
28. Nf5 Rg4+ 29. Kf1 Ne6 30. Rcc8 h5 31. Ra6 Ngf4 32. Raa8 Nxd3 33. Re8 Rxe4 34.
Rh8+ Kg6 35. Nh4+ Rxh4 {White resigns} 0-1

[Event "Team 45 45 League T74"]
[Site "Internet Chess Club"]
[Date "2017.10.16"]
[Round "5"]
[White "clarinetref"]
[Black "MartyJR"]
[Result "1/2-1/2"]
[WhiteElo "1508"]
[BlackElo "1469"]
[Opening "Sicilian: Nimzovich-Rossolimo attack (with ...g6, without ...d6)"]
[ECO "B31"]
[Time "21:02:41"]
[TimeControl "2700+45"]

1. e4 c5 2. Nf3 Nc6 3. Bb5 g6 4. d4 cxd4 5. Nxd4 Bg7 6. Bxc6 dxc6 7. Be3 Nf6 8.
Nc3 O-O 9. O-O Ng4 10. h3 Nxe3 11. fxe3 Qc7 12. Qf3 b6 13. Rad1 Ba6 14. Rf2 c5
15. Nd5 Qb7 16. Nb3 {Game drawn by mutual agreement} 1/2-1/2

[Event "Team 45 45 League T74"]
[Site "Internet Chess Club"]
[Date "2017.10.14"]
[Round "5"]
[White "VictorRed"]
[Black "Egmont"]
[Result "1-0"]
[WhiteElo "1715"]
[BlackElo "1678"]
[Opening "French: advance, Paulsen attack"]
[ECO "C02"]
[Time "01:34:58"]
[TimeControl "2700+45"]

1. e4 e6 2. d4 d5 3. e5 c5 4. c3 Nc6 5. Nf3 Qb6 6. Be2 Bd7 7. O-O cxd4 8. cxd4
Nge7 9. Nc3 Nf5 10. Na4 Qd8 11. Bg5 Be7 12. Bxe7 Qxe7 13. Nc3 Qb4 14. Nb5 O-O
15. g4 Nh6 16. a3 Qa5 17. Qd3 f5 18. g5 Nf7 19. b4 Qb6 20. Nc3 h6 21. gxh6 gxh6
22. Kh1 Kh8 23. Nh4 Rg8 24. Rad1 Rg5 25. f4 Rg7 26. Bh5 Qd8 27. Qh3 Qe7 28. Ng6+
Rxg6 29. Bxg6 Ncd8 30. Rf2 Rc8 31. Rg2 b5 32. Rdg1 a5 33. Bxf5 {Black resigns}
1-0

[Event "Team 45 45 League T74"]
[Site "Internet Chess Club"]
[Date "2017.10.16"]
[Round "5"]
[White "AVEMARIA"]
[Black "andrew37"]
[Result "0-1"]
[WhiteElo "1590"]
[BlackElo "1714"]
[Opening "French: Chigorin variation"]
[ECO "C00"]
[Time "17:04:56"]
[TimeControl "2700+45"]

1. e4 e6 2. Qe2 e5 3. Nf3 Nc6 4. c3 Nf6 5. d3 d6 6. h3 Be7 7. Qc2 d5 8. Nbd2 Be6
9. Be2 Qd7 10. Ng5 h6 11. Nxe6 Qxe6 12. exd5 Nxd5 13. Bg4 f5 14. Bf3 O-O 15. Qb3
Nf4 16. Qxe6+ Nxe6 17. Bd5 Rf6 18. Nf3 Bd6 19. O-O Kh7 20. Bxe6 Rxe6 21. Re1
Rae8 22. Be3 Ne7 23. Kf1 c5 24. Rad1 g5 25. Bxg5 Rg6 26. Bxe7 Rxe7 27. g3 Rf6
28. Nd2 b5 29. Kg2 Bc7 30. d4 cxd4 31. cxd4 e4 32. Nb3 f4 33. Nc5 e3 34. gxf4
Rg7+ 35. Kf1 exf2 36. Kxf2 Rxf4+ 37. Ke2 Rg2+ 38. Kd3 Rf3+ 39. Re3 Rxe3+ 40.
Kxe3 Rxb2 41. Rd2 Bf4+ 42. Kxf4 Rxd2 43. Ke5 Kg7 44. d5 Kf7 45. d6 a5 46. Nb3
Rxa2 47. Kd5 a4 48. Nd4 Rd2 49. Kc5 Rxd4 50. Kxd4 Ke6 {White resigns} 0-1

[Event "Team 45 45 League T74"]
[Site "Internet Chess Club"]
[Date "2017.10.15"]
[Round "5"]
[White "armand068new"]
[Black "julesraider"]
[Result "1-0"]
[WhiteElo "1670"]
[BlackElo "1526"]
[Opening "Dutch: stonewall with Nc3"]
[ECO "A85"]
[Time "12:03:48"]
[TimeControl "2700+45"]

1. d4 f5 2. c4 Nf6 3. Nc3 e6 4. Nf3 Be7 5. g3 O-O 6. Bg2 c6 7. O-O d5 8. cxd5
cxd5 9. Ne5 Bd7 10. f3 Be8 11. e4 Nbd7 12. exf5 Nxe5 13. dxe5 Qb6+ 14. Kh1 Nd7
15. fxe6 Qxe6 16. Qxd5 Qxd5 17. Nxd5 Bc5 18. f4 Bf7 19. Be3 Kh8 20. Bxc5 Nxc5
21. b4 Nd3 22. e6 Bxe6 23. Nc7 Rac8 24. Nxe6 Rf6 25. f5 Rc2 26. Rad1 {Black
resigns} 1-0